AoeStats
← KDA HDT

African Clearing

506066025Analyzed
4v4 RM · 21d ago on Sep 12, 2026· 35m 46s· 8 players
Game mode
Random Map
Map size
Large (8 player)
Population
200
Speed
Normal
Resources
Standard
Victory
Conquest
Starting age
Dark Age
Ending age
Imperial Age
RankedLock teamsTeams togetherTeam positionsShared explorationLock speedFull tech treeHidden civsTurbo modeCheats
Victory
Defeat
🇻🇳 Japanese · Vietnam
1882
+9
🇺🇸 Inca · United States
1826
+11
🇺🇸 Bohemians · United States
1767
+13
🇻🇳 Franks · Vietnam
1761
+13
🇨🇳 Britons · China
1771
-14
🇹🇼 Berbers · Taiwan
1711
-12
🇲🇽 Malay · Mexico
1707
-11
🇹🇼 Teutons · Taiwan
1627
-9
eL| Barry_Allen
11:36 Loom
14:00 Feudal Age
18:18 Castle Age
16:49 Double-Bit Axe
17:38 Fletching
20:03 Crossbowman
23:55 Fishing Lines
25:49 Ballistics
25:57 Bodkin Arrow
27:02 Padded Archer Armor
33:00 Horse Collar
34:20 Medium Warships
34:05 Gillnets
YYQ
12:00 Loom
13:58 Feudal Age
15:57 Double-Bit Axe
18:21 Castle Age
16:08 Horse Collar
16:51 Gold Mining
18:11 Fletching
19:18 Bow Saw
20:50 Bodkin Arrow
25:20 Padded Archer Armor
26:31 Ballistics
26:25 Town Watch
34:00 Wheelbarrow
34:43 Stone Mining
TW_Kenneth
12:14 Loom
14:11 Feudal Age
18:34 Castle Age
16:57 Double-Bit Axe
17:43 Fletching
19:06 Fishing Lines
19:38 Bow Saw
22:41 Bodkin Arrow
27:10 Town Watch
28:38 Ballistics
28:27 Padded Archer Armor
29:09 Wheelbarrow
29:37 Horse Collar
31:30 Gillnets
33:49 Hand Cart
P0rr1dg3
6:12 Loom
12:35 Feudal Age
13:02 Town Watch
13:06 Double-Bit Axe
15:29 Wheelbarrow
17:42 Scale Mail Armor
18:24 Forging
22:29 Horse Collar
31:14 Castle Age
29:56 Stone Mining
32:32 Guard Tower
NaiLiu
10:23 Loom
13:06 Feudal Age
16:56 Castle Age
14:42 Double-Bit Axe
14:53 Horse Collar
15:19 Fishing Lines
17:49 Bow Saw
19:44 Gillnets
22:37 Gold Mining
25:22 Wheelbarrow
24:53 Heavy Plow
27:16 Scale Mail Armor
27:52 Gold Shaft Mining
30:09 Imperial Age
28:04 Forging
28:35 Chain Mail Armor
28:01 Champi Runner
28:42 Squires
29:34 Hand Cart
29:05 Town Watch
29:57 Iron Casting
29:01 Champi Warrior
29:26 Arson
29:48 Stone Mining
30:14 Elite Champi Warrior
30:42 Arson
31:30 Plate Mail Armor
31:35 Fabric Shields
32:24 Conscription
33:57 Blast Furnace
34:20 Capped Ram
ĐLucky
14:00 Feudal Age
14:01 Loom
17:39 Castle Age
15:40 Double-Bit Axe
16:11 Fletching
16:21 Fishing Lines
18:23 Bodkin Arrow
20:02 Bow Saw
21:57 Wheelbarrow
22:29 Padded Archer Armor
24:27 Ballistics
24:11 Husbandry
25:31 Horse Collar
28:29 Bloodlines
29:55 Gillnets
31:10 Thumb Ring
37:28 Imperial Age
34:55 Guard Tower
35:16 Masonry
34:52 Treadmill Crane
35:22 Masonry
35:20 Gold Mining
35:21 Stone Mining
BB3097790
13:32 Feudal Age
13:26 Loom
17:53 Castle Age
15:47 Double-Bit Axe
18:30 Fletching
19:42 Town Watch
28:41 Redemption
KDA HDT
10:52 Feudal Age
10:25 Loom
11:42 Double-Bit Axe
17:06 Forging
22:06 Castle Age
20:55 Scale Barding Armor
23:11 Chain Barding Armor
33:32 Husbandry
35:44 Wheelbarrow
34:54 Town Watch
Connection lost

Rejoining the realm…

Still unreachable

The connection could not be restored.

Session expired

The server has moved on; the page needs a fresh start.